HSSL
DUBLIN JEROME HS CELTICS @ TACOMA HS TORCHMEN
04/12/2030
 
TOP OF THE 1ST
Dublin Jerome HS Celtics batting - Pitching for Tacoma HS Torchmen : RHP Bill Gogearty
Pitching: RHP Bill Gogearty
Batting: LHB David O'Neal 0-0: Ball
1-0: Swinging Strike
1-1: Ball
2-1: Swinging Strike
2-2: Ball
3-2: Ground out 4-3 (Groundball, 34)
Batting: RHB Lyndon Armstrong 0-0: Ball
1-0: Ground out 6-3 (Groundball, 6)
Batting: SHB Peter Young 0-0: Fly out, F6 (Flyball, 6D)
Top of the 1st over - 0 runs, 0 hits, 0 errors, 0 left on base; Dublin Jerome HS 0 - Tacoma HS 0
BOTTOM OF THE 1ST
Tacoma HS Torchmen batting - Pitching for Dublin Jerome HS Celtics : RHP Jim Barnes
Pitching: RHP Jim Barnes
Batting: RHB Sam Davis 0-0: Ball
1-0: Ball
2-0: Called Strike
2-1: Called Strike
2-2: Foul Ball, location: 2F
2-2: Strikes out looking
Batting: LHB Joseph Wood 0-0: Called Strike
0-1: Called Strike
0-2: Ball
1-2: Foul Ball, location: 2F
1-2: Foul Ball, location: 2F
1-2: SINGLE (Groundball, 4) (infield hit)
Batting: RHB Bruce Cooper 0-0: Ball
1-0: Ball
2-0: DOUBLE (Line Drive, 9LM)
Joseph Wood to third
Batting: RHB Jim Lipscomb 0-0: SINGLE (Groundball, 4MD)
Joseph Wood scores
Bruce Cooper to third
Runner from 3rd tries for Home, SAFE, no throw
Batting: RHB Glenn Browne 0-0: Ball
1-0: Ball
2-0: Called Strike
2-1: Called Strike
2-2: Strikes out looking
Batting: RHB Bobby Jackson 0-0: Ball
1-0: Ball
2-0: Foul Ball, location: 2F
2-1: Ball
3-1: Foul Ball, location: 2F
3-2: Base on Balls
Jim Lipscomb to second
Batting: LHB Alberto Barrios 0-0: Ball
1-0: Ball
2-0: Called Strike
2-1: Foul Ball, location: 2F
2-2: Ball
3-2: Strikes out swinging
Bottom of the 1st over - 2 runs, 3 hits, 0 errors, 2 left on base; Dublin Jerome HS 0 - Tacoma HS 2
TOP OF THE 2ND
Dublin Jerome HS Celtics batting - Pitching for Tacoma HS Torchmen : RHP Bill Gogearty
Batting: RHB Ed Albert 0-0: Ball
1-0: Ball
2-0: Foul Ball, location: 2F
2-1: Fly out, F8 (Line Drive, 8LM)
Batting: LHB Ned Lee 0-0: Ball
1-0: Called Strike
1-1: Called Strike
1-2: Fly out, F4 (Flyball, 4MD)
Batting: LHB Christian Maddox 0-0: Called Strike
0-1: Ball
1-1: Ball
2-1: Foul Ball, location: 2F
2-2: Ball
3-2: Foul Ball, location: 2F
3-2: Strikes out looking
Top of the 2nd over - 0 runs, 0 hits, 0 errors, 0 left on base; Dublin Jerome HS 0 - Tacoma HS 2
BOTTOM OF THE 2ND
Tacoma HS Torchmen batting - Pitching for Dublin Jerome HS Celtics : RHP Jim Barnes
Batting: LHB Ben Underwood 0-0: Ball
1-0: Foul Ball, location: 2F
1-1: Swinging Strike
1-2: Ball
2-2: Foul Ball, location: 2F
2-2: Strikes out looking
Batting: RHB John Barnett 0-0: Foul Ball, location: 2F
0-1: Ball
1-1: Called Strike
1-2: Strikes out swinging
Batting: RHB Sam Davis 0-0: Called Strike
0-1: Ball
1-1: Ball
2-1: Foul Ball, location: 2F
2-2: Strikes out swinging
Bottom of the 2nd over - 0 runs, 0 hits, 0 errors, 0 left on base; Dublin Jerome HS 0 - Tacoma HS 2
TOP OF THE 3RD
Dublin Jerome HS Celtics batting - Pitching for Tacoma HS Torchmen : RHP Bill Gogearty
Batting: SHB Wilson Cantú 0-0: Foul Ball, location: 2F
0-1: Swinging Strike
0-2: Ball
1-2: Foul Ball, location: 2F
1-2: Foul Ball, location: 2F
1-2: Ball
2-2: Fly out, F4 (Popup, 4)
Batting: LHB Ramón Costello 0-0: Ball
1-0: Ball
2-0: Ball
3-0: Called Strike
3-1: Foul Ball, location: 2F
3-2: SINGLE (Line Drive, 8RS)
Batting: LHB Fred Anderson 0-0: Ball
1-0: Called Strike
1-1: Ball
2-1: Grounds into double play, 5-4-3 (Groundball, 56)
Top of the 3rd over - 0 runs, 1 hit, 0 errors, 0 left on base; Dublin Jerome HS 0 - Tacoma HS 2
BOTTOM OF THE 3RD
Tacoma HS Torchmen batting - Pitching for Dublin Jerome HS Celtics : RHP Jim Barnes
Batting: LHB Joseph Wood 0-0: Ball
1-0: Ball
2-0: DOUBLE (Line Drive, 89D)
Batting: RHB Bruce Cooper 0-0: Swinging Strike
0-1: Ball
1-1: Called Strike
1-2: Foul Ball, location: 2F
1-2: Ball
2-2: Ball
3-2: Foul Ball, location: 2F
3-2: Fly out, F6 (Popup, 6M)
Batting: RHB Jim Lipscomb 0-0: Ball
1-0: Called Strike
1-1: Fly out, F7 (Flyball, 7)
Batting: RHB Glenn Browne 0-0: Called Strike
0-1: Swinging Strike
0-2: Hit by Pitch
Batting: RHB Bobby Jackson 0-0: Ball
1-0: Foul Ball, location: 2F
1-1: Ball
2-1: Foul Ball, location: 2F
2-2: Strikes out swinging
Bottom of the 3rd over - 0 runs, 1 hit, 0 errors, 2 left on base; Dublin Jerome HS 0 - Tacoma HS 2
TOP OF THE 4TH
Dublin Jerome HS Celtics batting - Pitching for Tacoma HS Torchmen : RHP Bill Gogearty
Batting: LHB David O'Neal 0-0: Called Strike
0-1: Ball
1-1: Foul Ball, location: 2F
1-2: Ball
2-2: Ball
3-2: Fly out, F7 (Line Drive, 7D)
Batting: RHB Lyndon Armstrong 0-0: Ball
1-0: Foul Ball, location: 2F
1-1: Called Strike
1-2: Strikes out swinging
Batting: SHB Peter Young 0-0: Called Strike
0-1: Foul Ball, location: 2F
0-2: Ball
1-2: Ball
2-2: Strikes out looking
Top of the 4th over - 0 runs, 0 hits, 0 errors, 0 left on base; Dublin Jerome HS 0 - Tacoma HS 2
BOTTOM OF THE 4TH
Tacoma HS Torchmen batting - Pitching for Dublin Jerome HS Celtics : RHP Jim Barnes
Batting: LHB Alberto Barrios 0-0: Ball
1-0: Foul Ball, location: 2F
1-1: Called Strike
1-2: Foul Ball, location: 2F
1-2: Ground out 3-1 (Groundball, 34)
Batting: LHB Ben Underwood 0-0: Called Strike
0-1: Ball
1-1: Swinging Strike
1-2: Ball
2-2: Strikes out swinging
Batting: RHB John Barnett 0-0: Ball
1-0: Called Strike
1-1: Fly out, F8 (Flyball, 8RM)
Bottom of the 4th over - 0 runs, 0 hits, 0 errors, 0 left on base; Dublin Jerome HS 0 - Tacoma HS 2
TOP OF THE 5TH
Dublin Jerome HS Celtics batting - Pitching for Tacoma HS Torchmen : RHP Bill Gogearty
Batting: RHB Ed Albert 0-0: Ball
1-0: Ground out 4-3 (Groundball, 34)
Batting: LHB Ned Lee 0-0: Swinging Strike
0-1: Swinging Strike
0-2: Ball
1-2: Strikes out swinging
Batting: LHB Christian Maddox 0-0: Ball
1-0: Ball
2-0: Ground out 5-3 (Groundball, 56)
Top of the 5th over - 0 runs, 0 hits, 0 errors, 0 left on base; Dublin Jerome HS 0 - Tacoma HS 2
BOTTOM OF THE 5TH
Tacoma HS Torchmen batting - Pitching for Dublin Jerome HS Celtics : RHP Jim Barnes
Pitching: LHP Tracy Gordon
Batting: RHB Sam Davis 0-0: Ball
1-0: Ground out 4-3 (Groundball, 34)
Batting: LHB Joseph Wood 0-0: Fly out, F8 (Line Drive, 78M)
Batting: RHB Bruce Cooper 0-0: Ball
1-0: Called Strike
1-1: Ball
2-1: Ball
3-1: Fly out, F3 (Popup, 3F)
Bottom of the 5th over - 0 runs, 0 hits, 0 errors, 0 left on base; Dublin Jerome HS 0 - Tacoma HS 2
TOP OF THE 6TH
Dublin Jerome HS Celtics batting - Pitching for Tacoma HS Torchmen : RHP Bill Gogearty
Batting: SHB Wilson Cantú 0-0: Called Strike
0-1: Called Strike
0-2: Ball
1-2: Strikes out looking
Batting: LHB Ramón Costello 0-0: Ball
1-0: Ball
2-0: SINGLE (Flyball, 6MD)
Batting: LHB Fred Anderson 0-0: Called Strike
0-1: SINGLE (Line Drive, 78S)
Ramón Costello to second
Batting: LHB David O'Neal 0-0: Called Strike
0-1: Ball
1-1: Ball
2-1: Ball
Wild Pitch!
Ramón Costello to third
Fred Anderson to second
3-1: Base on Balls
Batting: RHB Lyndon Armstrong 0-0: Grounds into fielders choice 4-2 (Groundball, 34)
Fred Anderson to third
David O'Neal to second
Pitching: RHP Thomas Head
Batting: SHB Peter Young 0-0: Swinging Strike
0-1: Ground out 3-1 (Groundball, 3S)
Top of the 6th over - 0 runs, 2 hits, 0 errors, 3 left on base; Dublin Jerome HS 0 - Tacoma HS 2
BOTTOM OF THE 6TH
Tacoma HS Torchmen batting - Pitching for Dublin Jerome HS Celtics : LHP Tracy Gordon
Batting: RHB Jim Lipscomb 0-0: Ball
1-0: Fly out, F5 (Line Drive, 56)
Batting: RHB Glenn Browne 0-0: Called Strike
0-1: Foul Ball, location: 2F
0-2: SINGLE (Groundball, 6M) (infield hit)
Batting: RHB Bobby Jackson 0-0: Swinging Strike
0-1: Called Strike
0-2: Strikes out swinging
Batting: LHB Alberto Barrios 0-0: Ball
1-0: Called Strike
1-1: Ball
2-1: Ball
3-1: Foul Ball, location: 2F
3-2: Foul Ball, location: 2F
3-2: Foul Ball, location: 2F
3-2: Fly out, F9 (Flyball, 89D)
Bottom of the 6th over - 0 runs, 1 hit, 0 errors, 1 left on base; Dublin Jerome HS 0 - Tacoma HS 2
TOP OF THE 7TH
Dublin Jerome HS Celtics batting - Pitching for Tacoma HS Torchmen : RHP Thomas Head
Batting: RHB Ed Albert 0-0: Ball
1-0: Foul Ball, location: 2F
1-1: Fly out, F8 (Flyball, 78D)
Pitching: LHP Zack Johnson
Batting: LHB Ned Lee 0-0: Called Strike
0-1: Swinging Strike
0-2: Ball
1-2: SOLO HOME RUN (Flyball, 9LD), Distance : 337 ft
Batting: LHB Christian Maddox 0-0: Called Strike
0-1: Ball
1-1: Foul Ball, location: 2F
1-2: Fly out, F5 (Popup, 5L)
Batting: SHB Wilson Cantú 0-0: Called Strike
0-1: SINGLE (Line Drive, 89S)
Batting: LHB Ramón Costello 0-0: Ball
1-0: Called Strike
1-1: Ball
2-1: Ball
3-1: Foul Ball, location: 2F
3-2: Foul Ball, location: 2F
3-2: Base on Balls
Wilson Cantú to second
Batting: LHB Fred Anderson 0-0: SINGLE (Groundball, 56S) (infield hit)
Wilson Cantú to third
Ramón Costello to second
Batting: LHB David O'Neal 0-0: Fly out, F8 (Flyball, 8LS)
Top of the 7th over - 1 run, 3 hits, 0 errors, 3 left on base; Dublin Jerome HS 1 - Tacoma HS 2
BOTTOM OF THE 7TH
Tacoma HS Torchmen batting - Pitching for Dublin Jerome HS Celtics : LHP Tracy Gordon
Batting: LHB Ben Underwood 0-0: Called Strike
0-1: Fly out, F8 (Flyball, 8RD)
Batting: RHB John Barnett 0-0: Called Strike
0-1: Ball
1-1: Called Strike
1-2: Ball
2-2: Foul Ball, location: 2F
2-2: Ball
3-2: Strikes out swinging
Batting: RHB Sam Davis 0-0: Ball
1-0: Ball
2-0: Ball
3-0: Base on Balls
Batting: LHB Joseph Wood 0-0: Called Strike
0-1: Swinging Strike
0-2: Strikes out swinging
Bottom of the 7th over - 0 runs, 0 hits, 0 errors, 1 left on base; Dublin Jerome HS 1 - Tacoma HS 2
TOP OF THE 8TH
Dublin Jerome HS Celtics batting - Pitching for Tacoma HS Torchmen : LHP Zack Johnson
Pitching: RHP Chris Preston
Batting: RHB Lyndon Armstrong 0-0: Ball
1-0: SINGLE (Line Drive, 9S)
Batting: SHB Peter Young 0-0: Ball
1-0: Swinging Strike
1-1: SINGLE (Line Drive, 89S)
Lyndon Armstrong to second
Batting: RHB Ed Albert 0-0: Called Strike
0-1: Ball
1-1: Foul Ball, location: 2F
1-2: Ball
2-2: Foul Ball, location: 2F
2-2: Foul Ball, location: 2F
2-2: Ball
3-2: Foul Ball, location: 2F
3-2: Base on Balls
Lyndon Armstrong to third
Peter Young to second
Batting: LHB Ned Lee 0-0: Fly out, F9 (Flyball, 9D)
Runner from 3rd tags up, SCORES, no throw
Batting: LHB Christian Maddox 0-0: Called Strike
0-1: Called Strike
0-2: Ball
1-2: Foul Ball, location: 2F
1-2: Strikes out swinging
Batting: SHB Wilson Cantú 0-0: Ball
1-0: Ball
2-0: Called Strike
2-1: Foul Ball, location: 2F
2-2: Fly out, F9 (Flyball, 9S)
Top of the 8th over - 1 run, 2 hits, 0 errors, 2 left on base; Dublin Jerome HS 2 - Tacoma HS 2
BOTTOM OF THE 8TH
Tacoma HS Torchmen batting - Pitching for Dublin Jerome HS Celtics : LHP Tracy Gordon
Batting: RHB Bruce Cooper 0-0: Called Strike
0-1: Fly out, F7 (Line Drive, 7)
Batting: RHB Jim Lipscomb 0-0: Ball
1-0: Ball
2-0: DOUBLE (Line Drive, 89M)
Batting: RHB Glenn Browne 0-0: Foul Ball, location: 2F
0-1: Ball
1-1: Ball
2-1: Ball
3-1: Ground out 4-3 (Groundball, 4)
Jim Lipscomb to third
Batting: RHB Bobby Jackson 0-0: Ball
1-0: Swinging Strike
1-1: Ball
2-1: Ball
3-1: Called Strike
3-2: Foul Ball, location: 2F
3-2: Foul Ball, location: 2F
3-2: Fly out, F8 (Flyball, 8RM)
Bottom of the 8th over - 0 runs, 1 hit, 0 errors, 1 left on base; Dublin Jerome HS 2 - Tacoma HS 2
TOP OF THE 9TH
Dublin Jerome HS Celtics batting - Pitching for Tacoma HS Torchmen : RHP Chris Preston
Batting: LHB Ramón Costello 0-0: Called Strike
0-1: Called Strike
0-2: Foul Ball, location: 2F
0-2: Foul Ball, location: 2F
0-2: Strikes out looking
Batting: LHB Fred Anderson 0-0: Fly out, F4 (Line Drive, 34)
Batting: LHB David O'Neal 0-0: Fly out, F3 (Line Drive, 3)
Top of the 9th over - 0 runs, 0 hits, 0 errors, 0 left on base; Dublin Jerome HS 2 - Tacoma HS 2
BOTTOM OF THE 9TH
Tacoma HS Torchmen batting - Pitching for Dublin Jerome HS Celtics : LHP Tracy Gordon
Pinch Hitting: RHB David Carter 0-0: Ball
1-0: Fly out, F8 (Flyball, 8LM)
Batting: LHB Ben Underwood 0-0: SOLO HOME RUN (Flyball, 9LD), Distance : 348 ft
Saturday, April 7th, 2018 - OOTP Baseball 18.8 Build 76